 Dungeon Crawl Stone Soup version 0.31-a0-960-g0fca184906 (webtiles) character file.

Game seed: 6367935980891406975

11008 Pixllover the Geomancer (level 11, -3/57 HPs)
             Began as a Gargoyle Earth Elementalist on Oct 23, 2023.
             Was a Priest of Vehumet.
             Slain by a two-headed ogre
             ... wielding a +0 giant club
              (7 damage)
             ... on level 11 of the Dungeon.
             The game lasted 00:34:58 (10012 turns).

Pixllover the Geomancer (GrEE)                     Turns: 10012, Time: 00:34:59

Health: -3/57      AC: 18    Str: 11    XL:     11   Next: 71%
Magic:  25/35      EV: 17    Int: 21    God:    Vehumet [***...]
Gold:   657        SH:  0    Dex: 10    Spells: 19/32 levels left

rFire   . . .        f - +4 whip
rCold   + . .        (no shield)
rNeg    + . .        K - +2 robe {rC+}
rPois   ∞            o - +2 helmet
rElec   +            g - +2 cloak
rCorr   .            (no gloves)
SInv    .            (no boots)
Will    .....        m - amulet of regeneration
Stlth   ++           H - ring of magical power
HPRegen 1.09/turn    I - +5 ring of evasion
MPRegen 0.24/turn

%: no passive effects
@: no status effects
A: sickness immunity, AC +8, negative energy resistance 1, electricity
resistance, torment resistance 1, petrification resistance
a: Renounce Religion


You were on level 11 of the Dungeon.
You worshipped Vehumet.
Vehumet was most pleased with you.
You visited 2 branches of the dungeon, and saw 12 of its levels.
You also visited: Bailey.

You collected 657 gold pieces.

Inventory:

Hand Weapons
 f - a +4 whip (weapon)
 v - the +0 mace of Dofeofaf {holy, Stlth+}
   (You found it on level 5 of the Dungeon)

   Stlth+:    It makes you more stealthy.
 w - the +7 short sword of the Twenty-Seven Coins {vamp, rC+ rN+ Will+}
   (You found it on level 5 of the Dungeon)

   rC+:       It protects you from cold.
   rN+:       It protects you from negative energy.
   Will+:     It increases your willpower.
Missiles
 n - 29 poisoned darts (quivered)
Armour
 e - an orb of energy
 g - a +2 cloak (worn)
 o - a +2 helmet (worn)
 K - a +2 robe of cold resistance (worn)
Jewellery
 m - an amulet of regeneration (around neck)
 H - a ring of magical power (left hand)
 I - a +5 ring of evasion (right hand)
Wands
 y - a wand of charming (9)
 C - a wand of mindburst (20)
 E - a wand of roots (8)
Scrolls
 a - 2 scrolls of identify
 h - 3 scrolls of teleportation
 i - 3 scrolls of enchant weapon
 j - 2 scrolls of amnesia
 k - a scroll of torment
 p - a scroll of butterflies
 x - a scroll of revelation {unknown}
 z - a scroll of brand weapon {unknown}
 D - a scroll of acquirement {unknown}
 F - a scroll of fear {unknown}
Potions
 b - a potion of magic
 c - 2 potions of brilliance
 d - a potion of cancellation
 l - 2 potions of attraction {unknown}
 r - 2 potions of resistance {unknown}
 s - 3 potions of heal wounds
 t - a potion of might {unknown}
 G - a potion of enlightenment {unknown}
 J - a potion of curing {unknown}


   Skills:
 + Level 1.9 Fighting
 + Level 3.0 Maces & Flails
 + Level 0.3 Throwing
 + Level 3.9 Dodging
 + Level 4.0 Stealth
 + Level 11.1 Spellcasting
 + Level 3.0 Conjurations
 + Level 0.9 Transmutations
 + Level 14.3 Earth Magic


You had 19 spell levels left.
You knew the following spells:

 Your Spells              Type           Power      Damage    Failure   Level
a - Sandblast             Erth           100%       2d20      0%          1
b - Passwall              Tmut/Erth      35%        N/A       1%          2
c - Stone Arrow           Conj/Erth      96%        3d13      1%          3
d - Brom's Barrelling Bo  Conj/Erth      48%        2d7       1%          4
e - Frozen Ramparts       Ice            22%        1d4       4%          3

Your spell library contained the following spells:

 Spells                   Type           Power      Damage    Failure   Level
 Iskenderun's Mystic Bla  Conj/Tloc      18%        2d6       9%          4
 Scorch                   Fire           22%        2d5       2%          2
 Petrify                  Tmut/Erth      43%        N/A       2%          4
 Wereblood                Tmut           15%        N/A       6%          2
 Flame Wave               Conj/Fire      18%        2d7       9%          4
 Tukima's Dance           Hex            11%        N/A       17%         3
 Irradiate                Conj/Tmut      10%        3d15      17%         5
 Yara's Violent Unravell  Hex/Tmut       6%         3d5       32%         5
 Manifold Assault         Tloc           11%        N/A       50%         4
 Passage of Golubria      Tloc           11%        N/A       50%         4
 Dispersal                Tloc           5%         N/A       100%        6
 Summon Cactus Giant      Summ           5%         N/A       100%        6
 Disjunction              Tloc           5%         N/A       100%        8


Dungeon Overview and Level Annotations

Branches:
Dungeon (11/15)            Temple (1/1) D:6             Orc (0/2) D:10
 Bailey (visited)
   Lair: D:8-11

Altars:
Ashenzari
Cheibriados
Dithmenos
Elyvilon
Fedhas
Gozag
Hepliaklqana
Kikubaaqudgha
Makhleb
Nemelex Xobeh
Okawaru
Qazlal
Ru
Sif Muna
Trog
Uskayaw
Vehumet
Wu Jian
Xom
Zin
The Shining One

Shops:
D:3 =   D:4 [   D:5 *

Annotations:
D:7 2 transporters


Innate Abilities, Weirdness & Mutations

You are immune to sickness and miasma.
Your stone body is resilient. (AC +8)
You are immune to poison.
You resist negative energy. (rN+)
You are resistant to electric shocks. (rElec)
You are resistant to unholy torment.
You are immune to petrification.


Message History

Vehumet accepts your kill.
Your Maces & Flails skill increases to level 3!
A two-headed ogre comes into view.
It is wielding a +0 giant club and a +0 dire flail.
The two-headed ogre shouts in stereo!
You see here a komodo dragon corpse.
Casting: Sandblast (safe; 0% risk of failure)
Confirm with . or Enter, or press ? or * to list all spells.
Aiming: Sandblast (safe; 0% risk of failure)
Press: ? - help, Shift-Dir - straight line, f - two-headed ogre
Aim: a two-headed ogre, wielding a +0 giant club and a +0 dire flail (93% to hit)
The blast of sand hits the two-headed ogre!
The two-headed ogre is moderately wounded.
Casting: Sandblast (safe; 0% risk of failure)
Confirm with . or Enter, or press ? or * to list all spells.
Aiming: Sandblast (safe; 0% risk of failure)
Press: ? - help, Shift-Dir - straight line, f/p - two-headed ogre
Aim: a two-headed ogre, wielding a +0 giant club and a +0 dire flail (lightly wounded, 93% to hit)
The blast of sand misses the two-headed ogre.
The two-headed ogre hits you with a +0 giant club.
The two-headed ogre hits you with a +0 dire flail!
Casting: Sandblast (safe; 0% risk of failure)
Confirm with . or Enter, or press ? or * to list all spells.
Aiming: Sandblast (safe; 0% risk of failure)
Press: ? - help, Shift-Dir - straight line, f/p - two-headed ogre
Aim: a two-headed ogre, wielding a +0 giant club and a +0 dire flail (lightly wounded, 93% to hit)
The blast of sand hits the two-headed ogre!
The two-headed ogre is heavily wounded.
The two-headed ogre hits you with a +0 giant club!!
* * * LOW HITPOINT WARNING * * *
The two-headed ogre hits you with a +0 dire flail!
* * * LOW HITPOINT WARNING * * *
Casting: Sandblast (safe; 0% risk of failure)
Confirm with . or Enter, or press ? or * to list all spells.
Aiming: Sandblast (safe; 0% risk of failure)
Press: ? - help, Shift-Dir - straight line, f/p - two-headed ogre
Aim: a two-headed ogre, wielding a +0 giant club and a +0 dire flail (heavily wounded, 93% to hit)
The blast of sand hits the two-headed ogre!!
The two-headed ogre is severely wounded.
The two-headed ogre hits you with a +0 giant club!
You die...

.# #.# #.# .# #.#
#.# .######.# #.#
##. ........# #.#
#... ......### #.#
#.... ..###<#
##.##..... ..# #.#
##......... ..###.#
#..†.......
...##.####
#..@O##...P
.#...............##
.P.
...############..#
## .#.# #...
.#.#### #.##
......# #. ......#
## ......# ......#


You could see a two-headed ogre.

Vanquished Creatures
  Fannar (D:10)
  4 two-headed ogres
  2 deep elf pyromancers (D:10)
  An orc knight (Bailey)
  An unseen horror (D:11)
  A komodo dragon (D:11)
  A troll (D:9)
  3 hornets
  A wyvern (D:6)
  4 yaks (D:8)
  Eustachio (D:4)
  A steam dragon (D:6)
  2 water moccasins
  11 orc warriors
  A sky beast (D:7)
  3 black bears
  5 ogres
  A centaur (D:5)
  2 phantoms
  2 kobold brigands (D:9)
  Blork the orc (D:4)
  3 scorpions
  4 wights (D:9)
  A crimson imp (D:7)
  7 hounds
  A jelly (D:8)
  12 orc priests
  A gnoll bouda (D:6)
  A sleepcap (D:6)
  Jessica (D:3)
  2 iguanas
  Natasha (thrice) (D:3)
  12 orc wizards
  7 adders
  16 gnolls
  A white imp (D:7)
  2 worms (D:2)
  4 dart slugs
  82 orcs
  2 bats (D:2)
  6 endoplasms
  4 giant cockroaches
  10 goblins
  3 hobgoblins
  7 jackals (D:5)
  3 quokkas
  6 ball pythons
  3 frilled lizards
  15 kobolds
  3 rats (D:2)
271 creatures vanquished.

Vanquished Creatures (collateral kills)
  7 boulders
7 creatures vanquished.

Vanquished Creatures (others)
  A boulder (D:9)
1 creature vanquished.

Grand Total: 279 creatures vanquished

Notes
Turn   | Place    | Note
-------+----------+-------------------------------------------
     0 | D:1      | Pixllover the Gargoyle Earth Elementalist began the quest
                  | for the Orb.
     0 | D:1      | Reached XP level 1. HP: 10/10 MP: 3/3
   118 | D:1      | Reached skill level 4 in Earth Magic
   223 | D:1      | Reached XP level 2. HP: 15/15 MP: 3/5
   626 | D:2      | Learned a level 2 spell: Passwall
   901 | D:2      | Reached XP level 3. HP: 18/19 MP: 4/6
  1373 | D:2      | Reached XP level 4. HP: 24/24 MP: 4/7
  1806 | D:3      | Reached skill level 5 in Earth Magic
  1857 | D:3      | Noticed Jessica
  1858 | D:3      | Noticed Natasha
  1860 | D:3      | Killed Jessica
  1862 | D:3      | Killed Natasha
  1863 | D:3      | Reached XP level 5. HP: 28/28 MP: 2/9
  2013 | D:3      | Found Imeobir's Jewellery Boutique.
  2070 | D:3      | Noticed Natasha
  2075 | D:3      | Killed Natasha
  2125 | D:3      | Noticed Natasha
  2126 | D:3      | Killed Natasha
  2196 | D:3      | Reached skill level 6 in Earth Magic
  2363 | D:3      | Reached XP level 6. HP: 32/32 MP: 4/11
  2790 | D:4      | Reached XP level 7. HP: 24/37 MP: 0/13
  2969 | D:4      | Noticed Blork the orc
  2972 | D:4      | Killed Blork the orc
  2977 | D:4      | Found Oshriy's Antique Armour Shoppe.
  2980 | D:4      | Found a blossoming altar of Fedhas.
  3117 | D:4      | Reached skill level 7 in Earth Magic
  3238 | D:4      | Noticed Eustachio
  3250 | D:4      | Killed Eustachio
  3251 | D:4      | Reached skill level 1 in Maces & Flails
  3251 | D:4      | Reached skill level 5 in Spellcasting
  3573 | D:5      | Entered Level 5 of the Dungeon
  3592 | D:5      | Learned a level 3 spell: Stone Arrow
  3641 | D:5      | Reached XP level 8. HP: 42/42 MP: 10/16
  3696 | D:5      | Identified the +0 mace of Dofeofaf {holy, Stlth+}
  3904 | D:5      | Reached skill level 8 in Earth Magic
  4133 | D:5      | Identified the +7 short sword of the Twenty-Seven Coins
                  | {vamp, rC+ rN+ Will+}
  4279 | D:5      | Found Sasusiol's Neck Hole.
  4454 | D:6      | Found a broken altar of Ashenzari.
  4494 | D:6      | Reached skill level 1 in Fighting
  4618 | D:6      | Found a staircase to the Ecumenical Temple.
  4629 | Temple   | Entered the Ecumenical Temple
  4717 | Temple   | Became a worshipper of Vehumet
  4858 | D:6      | Reached skill level 9 in Earth Magic
  4972 | D:6      | Reached XP level 9. HP: 47/47 MP: 15/19
  5427 | D:7      | Noticed a hornet
  5432 | D:6      | Killed a hornet
  5433 | D:6      | Reached skill level 10 in Earth Magic
  5443 | D:5      | Reached * piety under Vehumet
  5443 | D:5      | Offered knowledge of Freeze by Vehumet.
  5666 | D:7      | Found a transporter.
  5675 | D:7      | Noticed a moth of wrath
  5676 | D:7      | Found a bloodstained altar of Trog.
  5711 | D:7      | Found a transporter.
  5715 | D:7      | Noticed a troll
  5967 | D:7      | Found a shimmering altar of Xom.
  5967 | D:7      | Found a burning altar of Makhleb.
  6091 | D:7      | Found a hazy altar of Hepliaklqana.
  6092 | D:7      | Found an opulent altar of Gozag.
  6340 | D:8      | Noticed a two-headed ogre
  6365 | D:8      | Killed a two-headed ogre
  6366 | D:8      | Reached skill level 11 in Earth Magic
  6366 | D:8      | Reached XP level 10. HP: 26/52 MP: 3/22
  6991 | D:8      | Learned a level 4 spell: Brom's Barrelling Boulder
  7340 | D:9      | Reached skill level 12 in Earth Magic
  7467 | D:9      | Found a white marble altar of Elyvilon.
  7504 | D:9      | Reached ** piety under Vehumet
  7680 | D:9      | Found a flagged portal.
  7696 | Bailey   | Entered a bailey
  7707 | Bailey   | Offered knowledge of Shock by Vehumet.
  7885 | Bailey   | Noticed an orc knight
  7885 | Bailey   | Noticed an orc knight
  7887 | Bailey   | Noticed an orc knight
  7894 | Bailey   | Killed an orc knight
  7895 | Bailey   | Reached skill level 1 in Conjurations
  8083 | D:9      | Offered knowledge of Frozen Ramparts by Vehumet.
  8319 | D:10     | Entered Level 10 of the Dungeon
  8395 | D:10     | Found an ancient bone altar of Kikubaaqudgha.
  8450 | D:10     | Reached skill level 10 in Spellcasting
  8450 | D:10     | Reached skill level 13 in Earth Magic
  8504 | D:10     | Reached *** piety under Vehumet
  8625 | D:10     | Noticed a deep elf pyromancer
  8629 | D:10     | Killed a deep elf pyromancer
  8630 | D:10     | Reached XP level 11. HP: 38/56 MP: 18/25
  8672 | D:10     | Noticed a two-headed ogre
  8678 | D:10     | Killed a two-headed ogre
  8750 | D:10     | Learned a level 3 spell: Frozen Ramparts
  8755 | D:10     | Noticed Fannar
  8764 | D:10     | Killed Fannar
  9133 | D:10     | Offered knowledge of Iskenderun's Mystic Blast by Vehumet.
  9319 | D:10     | Noticed a deep elf pyromancer
  9321 | D:10     | Noticed a two-headed ogre
  9424 | D:10     | Killed a deep elf pyromancer
  9473 | D:10     | Killed a two-headed ogre
  9474 | D:10     | Reached skill level 14 in Earth Magic
  9575 | D:10     | Found a staircase to the Orcish Mines.
  9660 | D:11     | Noticed a two-headed ogre
  9667 | D:11     | Killed a two-headed ogre
 10006 | D:11     | Noticed a two-headed ogre
 10012 | D:11     | Slain by a two-headed ogre

Illustrated notes

Levels and vault maps discovered:
D:1:      mrwooster_arrival_statue_2, layout_rooms
D:2:      minmay_wonky_spiral, layout_loops_corners,
          chequers_serial_rivers_micro_c
D:3:      layout_basic, serial_shops, shop, uniq_jessica, uniq_natasha
D:4:      layout_loops_ring, lemuel_crystal_altar, serial_shops, shop,
          chequers_serial_rivers_marsh, uniq_eustachio, uniq_blork_the_orc
D:5:      layout_loops_ring, nicolae_shop_sticking_my_neck_out
D:6:      nicolae_BIG_FREAKIN_CUBE, layout_cave_pools, kennysheep_mini_moat,
          minmay_temple_entry_glassed_door, dk_noncrumbling_4
D:7:      layout_basic, grunt_temple_overflow_champion_of_chaos,
          mainiacjoe_overflow_divided_tiny, gammafunk_ghost_wrathful_warriors
D:8:      layout_basic, grunt_decor_arrowhead, reono_crystal_passage
D:9:      layout_cave_pools, kennysheep_ying_yang, special_room
          [special_room_orc], enter_bailey_5
D:10:     layout_gridville, kiku_gazebo_garden_becter, david_orc_4, uniq_fannar
D:11:     layout_loops_ring, david_lair_shrubbed
Temple:   oiseaux_autumnal_temple

Skill      XL: |  1  2  3  4  5  6  7  8  9 10 11 |
---------------+----------------------------------+-----
Earth Magic    | 4 5 6 7 9 11 13 14 | 14.3
Spellcasting   | 3 4 5 7 8 10 11 | 11.1
Dodging        | 2 3 |  3.9
Maces & Flails | 1 2 3 |  3.0
Stealth        | 3 4 |  4.0
Fighting       | 1 |  1.9
Conjurations   | 1 3 |  3.0
Throwing       | |  0.3
Transmutations | |  0.9

Action                     |  1- 3 |  4- 6 |  7- 9 | 10-12 || total
---------------------------+-------+-------+-------+-------++-------
  Melee: Whip              |    11 |    17 |    36 |    44 ||   108
  Throw: Dart              |       |       |     4 |       ||     4
   Cast: Sandblast         |    34 |    72 |   143 |   174 ||   423
         Stone Arrow       |       |       |     5 |    58 ||    63
         Passwall          |       |       |     1 |     1 ||     2
         Brom's Barrelling |       |       |       |     9 ||     9
    Use: Scroll            |       |     7 |     1 |     5 ||    13
   Stab: Sleeping          |     1 |       |       |       ||     1
 Armour: Robe              |    13 |    36 |    99 |   113 ||   261
  Dodge: Dodged            |    12 |    31 |    84 |    94 ||   221

Table legend: (Time is in decaauts)
 A = Elapsed time spent in this place.
 B = Non-inter-level travel time spent in this place.
 C = Inter-level travel time spent in this place.
 D = Time resting spent in this place.
 E = Time spent auto-exploring this place.
 F = Levels seen in this place.
 G = Mean time per level.
                   A        B        C        D        E       F      G
               +--------+--------+--------+--------+--------+-----+--------+
         Total |  10234 |   9896 |    338 |   1666 |   4954 |  13 |  787.2 |
       Dungeon |   9875 |   9574 |    301 |   1666 |   4954 |  11 |  897.7 |
        Temple |    127 |     91 |     36 |      0 |      0 |   1 |  127.0 |
        Bailey |    231 |    231 |      0 |      0 |      0 |   1 |  231.0 |
               +--------+--------+--------+--------+--------+-----+--------+

Top non-repeatable levels by time:
    D:10: 1347 daAuts
     D:2: 1177 daAuts
     D:4: 1013 daAuts
     D:6: 969 daAuts
     D:8: 943 daAuts
     D:3: 941 daAuts
     D:5: 908 daAuts
     D:9: 868 daAuts
     D:7: 810 daAuts
     D:1: 516 daAuts
    D:11: 378 daAuts
  Bailey: 231 daAuts
  Temple: 127 daAuts
